 Dungeon Crawl Stone Soup version 0.22-a0-782-g038298e (webtiles) character file.

259 Amnesiac the Magician (level 5, -5/35 HPs)
             Began as a Mummy Earth Elementalist on July 20, 2018.
             Was an Initiate of Vehumet.
             Slain by an ogre
             ... wielding a +0 giant club
              (25 damage)
             ... on level 5 of the Dungeon.
             The game lasted 00:04:19 (1098 turns).

Amnesiac the Magician (Mummy Earth Elementalist)    Turns: 1098, Time: 00:04:20

Health: -5/35      AC:  4    Str: 11    XL:     5   Next: 95%
Magic:  0/11       EV: 12    Int: 15    God:    Vehumet [......]
Gold:   90         SH:  4    Dex: 13    Spells: 2/12 levels left

rFire    x . .     SeeInvis .   a - +3 dagger (drain)
rCold    + . .     Gourm    .   d - +0 buckler
rNeg     + + +     Faith    .   c - +0 robe
rPois    ∞         Spirit   .   k - +0 helmet
rElec    .         Reflect  .   f - +0 cloak
rCorr    .         Harm     .   (no gloves)
MR       .....                  (no boots)
Stlth    ++........             (no amulet)
HPRegen  0.11/turn              (no ring)
MPRegen  0.12/turn              (no ring)

@: very slightly contaminated
A: no food or potions, fire vulnerability, cold resistance 1, negative energy
resistance 3, torment resistance, unbreathing
a: Renounce Religion


You were on level 5 of the Dungeon.
You worshipped Vehumet.
Vehumet was noncommittal.
You were not hungry.

You visited 2 branches of the dungeon, and saw 6 of its levels.

You collected 90 gold pieces.

Inventory:

Hand Weapons
 a - a +3 dagger of draining (weapon)
 b - a +1 dagger of venom
Missiles
 g - 20 sling bullets
 h - 82 stones (quivered)
Armour
 c - a +0 robe (worn)
 d - a +0 buckler (worn)
 f - a +0 cloak (worn)
 k - a +0 helmet (worn)
Scrolls
 e - a scroll of remove curse {!r, unknown}
 j - 2 scrolls of identify {!r, unknown}


   Skills:
 - Level 1.5 Dodging
 - Level 1.5 Stealth
 + Level 2.1 Shields
 + Level 4.4 Spellcasting
 - Level 0.7 Transmutations
 * Level 4.3 Earth Magic


You had 2 spell levels left.
You knew the following spells:

 Your Spells              Type           Power        Failure   Level  Hunger
a - Sandblast             Erth           ###...       3%          1    N/A
b - Passwall              Tmut/Erth      ##......     12%         2    N/A
c - Stone Arrow           Conj/Erth      #.....       26%         3    N/A
e - Petrify               Tmut/Erth      ##......     61%         4    N/A

Your spell library contained the following spells:

 Spells                   Type           Power        Failure   Level  Hunger
 Lee's Rapid Deconstruct  Erth           ###.......   71%         5    N/A

Dungeon Overview and Level Annotations

Branches:
Dungeon (5/15)             Temple (1/1) D:4

Altars:
Ashenzari
Hepliaklqana
Kikubaaqudgha
Makhleb
Okawaru
Sif Muna
Vehumet
Wu Jian
Xom
Yredelemnul
The Shining One
Lugonu

Annotations:
D:3 Ijyb


Innate Abilities, Weirdness & Mutations

You do not eat or drink.
Your flesh is vulnerable to fire.
You are immune to poison.
Your flesh is cold resistant. (rC+)
You are immune to negative energy. (rN+++)
You are immune to unholy pain and torment.
You can survive without breathing.


Message History

You are very lightly contaminated with residual magic.
You feel momentarily lethargic. You block the crimson imp's attack.
You closely miss the crimson imp. The crimson imp barely misses you.
Casting: Sandblast (safe; 4% risk of failure)
Confirm with . or Enter, or press ? or * to list all spells.
Aiming: Sandblast (safe; 4% risk of failure)
Press: ? - help, Shift-Dir - straight line, f/p - crimson imp
Aim: a crimson imp The blast of sand hits the crimson imp.
The crimson imp is almost dead.
h - 84 stones The crimson imp barely misses you.
You hit the crimson imp.
You kill the crimson imp!
Vehumet accepts your kill.
Casting: Sandblast (safe; 3% risk of failure)
Confirm with . or Enter, or press ? or * to list all spells.
You don't have enough magic to cast that spell.
Casting: Sandblast (safe; 3% risk of failure)
Confirm with . or Enter, or press ? or * to list all spells.
You don't have enough magic to cast that spell.
Casting: Sandblast (safe; 3% risk of failure)
Confirm with . or Enter, or press ? or * to list all spells.
You don't have enough magic to cast that spell.
Casting: Sandblast (safe; 3% risk of failure)
Confirm with . or Enter, or press ? or * to list all spells.
You don't have enough magic to cast that spell.
Casting: Sandblast (safe; 3% risk of failure)
Confirm with . or Enter, or press ? or * to list all spells.
You don't have enough magic to cast that spell.
Found a stone staircase leading down.
A sky beast comes into view.
Casting: Sandblast (safe; 3% risk of failure)
Confirm with . or Enter, or press ? or * to list all spells.
You don't have enough magic to cast that spell.
Casting: Sandblast (safe; 3% risk of failure)
Confirm with . or Enter, or press ? or * to list all spells.
You don't have enough magic to cast that spell.
Casting: Sandblast (safe; 3% risk of failure)
Confirm with . or Enter, or press ? or * to list all spells.
You don't have enough magic to cast that spell.
An ice beast comes into view.
Casting: Sandblast (safe; 3% risk of failure)
Confirm with . or Enter, or press ? or * to list all spells.
Aiming: Sandblast (safe; 3% risk of failure)
Press: ? - help, Shift-Dir - straight line, f - ogre
Aim: an ogre, wielding a giant club The blast of sand hits the ogre.
The ogre is heavily wounded.
h - 83 stones The ogre hits you with a giant club!
The sky beast flickers out of sight!
Deactivating autopickup; reactivate with Ctrl-A.
Casting: Sandblast (safe; 3% risk of failure)
Confirm with . or Enter, or press ? or * to list all spells.
Aiming: Sandblast (safe; 3% risk of failure)
Press: ? - help, Shift-Dir - straight line, f/p - ogre
Aim: an ogre, wielding a giant club (heavily wounded)
The blast of sand hits the ogre.
The ogre is severely wounded.
h - 82 stones The ogre hits you with a giant club!!
Ouch! That really hurt!
You die...

#...>....#.####
#....#.........
#...O#.........
##..##...[.....
#...#.........
##.......$....
#.#..........
#.#O.........
#.#@#####.###
#.).## .#
###..# . #..# .
#..## ##..# ###
####..#
#...##.....###
.............#


You could see an ogre.

Vanquished Creatures
  An ice beast (D:5)
  A crimson imp (D:5)
  Jessica (D:3)
  5 adders
  3 worms
  2 dart slugs
  A leopard gecko (D:3)
  6 orcs (D:5)
  3 bats
  2 giant cockroaches (D:2)
  4 goblins
  A hobgoblin (D:2)
  6 jackals
  3 kobolds
  A quokka (D:3)
  A ball python (D:4)
  A frilled lizard (D:2)
  6 rats
48 creatures vanquished.

Notes
Turn   | Place    | Note
-------+----------+-------------------------------------------
     0 | D:1      | Amnesiac the Mummy Earth Elementalist began the quest for the Orb.
     0 | D:1      | Reached XP level 1. HP: 13/13 MP: 4/4
    68 | D:2      | Found a basalt altar of Yredelemnul.
   239 | D:1      | Reached XP level 2. HP: 18/19 MP: 5/5
   243 | D:1      | Learned a level 2 spell: Passwall
   532 | D:2      | Reached XP level 3. HP: 23/24 MP: 7/7
   537 | D:2      | Learned a level 3 spell: Stone Arrow
   576 | D:2      | Found an iron altar of Okawaru.
   713 | D:2      | Reached skill level 1 in Shields
   763 | D:3      | Reached XP level 4. HP: 30/30 MP: 7/9
   769 | D:3      | Learned a level 4 spell: Petrify
   778 | D:3      | Noticed Jessica
   805 | D:3      | Killed Jessica
   892 | D:4      | Found a staircase to the Ecumenical Temple.
   913 | Temple   | Entered the Ecumenical Temple
   962 | Temple   | Became a worshipper of Vehumet
  1005 | D:3      | Noticed Ijyb
  1008 | D:4      | Found an ornate altar of the Wu Jian Council.
  1008 | D:4      | Found a hazy altar of Hepliaklqana.
  1017 | D:5      | Entered Level 5 of the Dungeon
  1033 | D:5      | Noticed an ice beast
  1056 | D:5      | Killed an ice beast
  1056 | D:5      | Reached XP level 5. HP: 28/35 MP: 9/11
  1077 | D:5      | Noticed an ogre
  1086 | D:5      | Noticed a sky beast
  1088 | D:5      | Noticed an ice beast
  1098 | D:5      | Slain by an ogre

Vault maps used:
D:1:      noname_arrival_rooms_in_the_neighbourhood
D:2:      okawaru_gym_becter, old_standard_altar, first_ration,
          grunt_decor_arrowhead
D:3:      zin_statuary, uniq_ijyb, uniq_jessica
D:4:      tgw_trog, nicolae_overflow_hidden_temple, cheibriados_altar_1,
          minmay_temple_entry_glass, uniq_duvessa
D:5:      cheibrodos_helix_gallery, nemelex_xobeh_ov_fountains_minmay,
          fedhas_altar_4, gammafunk_ghost_necromancy, uniq_blork_the_orc
Temple:   corrupted_temple

Skill      XL: |  1  2  3  4 |
---------------+-------------+-----
Spellcasting   | 3 4 |  4.4
Earth Magic    | 3 4 |  4.3
Shields        | 1 2 |  2.1
Dodging        | |  1.5
Stealth        | |  1.5
Transmutations | |  0.7

Action                   |  1- 3 |  4- 6 || total
-------------------------+-------+-------++-------
Melee: Dagger            |    83 |    61 ||   144
       Unarmed           |     2 |       ||     2
 Cast: Sandblast         |     2 |    13 ||    15
  Use: Scroll            |     3 |       ||     3
 Stab: Sleeping          |     1 |       ||     1
Armor: Robe              |    24 |    28 ||    52
Dodge: Dodged            |    51 |    28 ||    79
Block: Buckler           |     9 |    12 ||    21

Table legend:
 A = Spawn XP
 B = Non-spawn XP
 C = Spawn XP percentage of total XP
 D = Spawn monster count
 E = Non-spawn monster count
 F = Spawn count percentage of total count
 G = Total turns spent on level
                    A         B        C        D         E        F      G
               +---------+---------+-------+---------+---------+-------+---------
         Total |       0 |     371 |   0.0 |       0 |      48 |   0.0 |  1098
               +---------+---------+-------+---------+---------+-------+---------
           D:1 |       0 |      11 |   0.0 |       0 |       6 |   0.0 |   259
           D:2 |       0 |      60 |   0.0 |       0 |      18 |   0.0 |   489
           D:3 |       0 |      84 |   0.0 |       0 |      13 |   0.0 |   161
           D:4 |       0 |      18 |   0.0 |       0 |       3 |   0.0 |    47
           D:5 |       0 |     198 |   0.0 |       0 |       8 |   0.0 |    81
               +---------+---------+-------+---------+---------+-------+---------
